 Dungeon Crawl Stone Soup version 0.23-a0-54-gae6112e (webtiles) character file.

241 MTVSty1e the Insei (level 5, -2/46 HPs)
             Began as a Draconian Transmuter on Aug 8, 2018.
             Was an Initiate of Cheibriados.
             Slain by an iguana (10 damage)
             ... on level 4 of the Dungeon.
             The game lasted 00:06:31 (3905 turns).

MTVSty1e the Insei (Draconian Transmuter)           Turns: 3905, Time: 00:06:31

Health: -2/46      AC:  6    Str: 13    XL:     5   Next: 80%
Magic:  4/8        EV: 12    Int: 15    God:    Cheibriados [......]
Gold:   242        SH:  0    Dex: 13    Spells: 4/8 levels left

rFire    . . .     SeeInvis .     - Unarmed
rCold    + . .     Gourm    .   (no shield)
rNeg     . . .     Faith    .   (armour unavailable)
rPois    .         Spirit   .   (helmet restricted)
rElec    .         Reflect  .   (no cloak)
rCorr    .         Harm     .   j - +0 pair of gloves
MR       .....                  (boots currently unavailable)
Stlth    +.........             (no amulet)
HPRegen  0.15/turn              i - ring of flight
MPRegen  0.11/turn              o - ring of protection from cold

@: appendage (expiring), very slightly contaminated, very slow
A: unfitting armour, talons 3, cold-blooded, AC +5
a: End Transformation, Bend Time, Renounce Religion, Evoke Flight


You were on level 4 of the Dungeon.
You worshipped Cheibriados.
Cheibriados was noncommittal.
You were not hungry.
You had grown temporary talons.
You visited 2 branches of the dungeon, and saw 5 of its levels.

You collected 242 gold pieces.

Inventory:

Missiles
 a - 85 arrows
Armour
 j - a +0 pair of gloves (worn)
Jewellery
 i - a ring of flight (left hand)
 o - a ring of protection from cold (right hand)
Scrolls
 d - 2 scrolls of enchant armour {unknown}
 e - 8 scrolls of identify {unknown}
 f - 2 scrolls of remove curse {unknown}
 k - a scroll of enchant weapon {unknown}
 l - a scroll of fog {unknown}
 m - a scroll of noise {unknown}
 n - 2 scrolls of amnesia {unknown}
Potions
 b - a potion of invisibility {unknown}
 g - a potion of brilliance {unknown}
 h - a potion of curing
 p - a potion of flight {unknown}
Comestibles
 c - a ration


   Skills:
 + Level 3.8 Fighting
 - Level 1.7 Dodging
 * Level 5.6 Unarmed Combat
 - Level 2.0 Spellcasting
 - Level 2.0 Transmutations


You had 4 spell levels left.
You knew the following spells:

 Your Spells              Type           Power        Failure   Level  Hunger
a - Beastly Appendage     Tmut           #.....       10%         1    #......
b - Spider Form           Tmut/Pois      #.........   41%         3    ###....

Your spell library contained the following spells:

 Spells                   Type           Power        Failure   Level  Hunger
 Confuse                  Hex            #.......     54%         3    ###....
 Tukima's Dance           Hex            #.......     54%         3    ###....
 Blade Hands              Tmut           #.........   95%         5    ######.
 Ice Form                 Ice/Tmut       #.......     82%         4    #####..
 Sticks to Snakes         Tmut           #.......     14%         2    ###....
 Ensorcelled Hibernation  Hex/Ice        #.....       32%         2    ###....
 Corona                   Hex            #......      22%         1    #......
 Dazzling Spray           Conj/Hex       #.....       54%         3    ###....


Dungeon Overview and Level Annotations

Branches:
Dungeon (4/15)             Temple (1/1) D:4

Altars:
Ashenzari
Cheibriados
Dithmenos
Gozag
Hepliaklqana
Makhleb
Okawaru
Qazlal
Ru
Sif Muna
Uskayaw
Vehumet
Yredelemnul
Zin
The Shining One
Lugonu


Innate Abilities, Weirdness & Mutations

Your plain brown scales are hard. (AC +5)
You cannot fit into any form of body armour.
You are cold-blooded and may be slowed by cold attacks.
You have claws for feet.


Message History

Your transformation is almost over.
The iguana closely misses you.
You closely miss the iguana.
The iguana is moderately wounded.
The iguana bites you.
You hit the iguana but do no damage.
Your tail-slap misses the iguana.
The iguana is moderately wounded.
The iguana hisses menacingly.
The iguana closely misses you.
You barely miss the iguana.
The iguana is moderately wounded.
The iguana misses you.
You closely miss the iguana. Your kick misses the iguana.
The iguana is moderately wounded.
The iguana bites you!
* * * LOW HITPOINT WARNING * * *
You hit the iguana but do no damage.
The iguana is moderately wounded.
The iguana bites you!
You die...

#.# ### #.#
..# #.# #.#
#.# ## #.# #.#
##.. #.# #.#
#.... #.# #.#
#....###.# #.#
#...l@..####.#
##...........#
#..##########
..... ###. #.
#


You could see an iguana.

Vanquished Creatures
  A hound (D:4)
  An iguana (D:4)
  An orc wizard (D:3)
  2 worker ants
  4 adders (D:3)
  2 leopard geckos (D:3)
  8 orcs (D:3)
  3 bats
  6 giant cockroaches
  7 goblins
  8 hobgoblins
  10 jackals
  3 kobolds
  A quokka (D:3)
  2 frilled lizards (D:3)
  4 rats
63 creatures vanquished.

Notes
Turn   | Place    | Note
-------+----------+-------------------------------------------
     0 | D:1      | MTVSty1e the Draconian Transmuter began the quest for the Orb.
     0 | D:1      | Reached XP level 1. HP: 16/16 MP: 3/3
   349 | D:1      | Reached XP level 2. HP: 23/24 MP: 5/5
  1066 | D:2      | Found a basalt altar of Yredelemnul.
  1269 | D:2      | Reached XP level 3. HP: 25/29 MP: 4/6
  1471 | D:2      | Found a hazy altar of Hepliaklqana.
  1614 | D:2      | Found a burning altar of Makhleb.
  1621 | D:2      | Found a shadowy altar of Dithmenos.
  1803 | D:3      | Reached skill level 4 in Unarmed Combat
  2284 | D:3      | Reached XP level 4. HP: 33/37 MP: 5/7
  2299 | D:3      | Learned a level 3 spell: Spider Form
  3136 | D:3      | Reached skill level 5 in Unarmed Combat
  3136 | D:3      | Reached XP level 5. HP: 45/45 MP: 8/8
  3318 | D:4      | Found an iron altar of Okawaru.
  3526 | D:4      | Found a staircase to the Ecumenical Temple.
  3540 | Temple   | Entered the Ecumenical Temple
  3565 | Temple   | Became a worshipper of Cheibriados the Contemplative
  3629 | D:4      | Found a stormy altar of Qazlal.
  3905 | D:4      | Slain by an iguana

Vault maps used:
D:1:      dpeg_arrival_fog
D:2:      yredelemnul_altar_generic, lemuel_doored_altar,
          amethyst_overflow_temple_binary
D:4:      okawaru_gym_becter, nicolae_qazlal_general_emergency,
          kennysheep_mini_moat, minmay_temple_entry_poolview
Temple:   corrupted_temple

Skill      XL: |  1  2  3  4 |
---------------+-------------+-----
Fighting       | 2 3 |  3.8
Unarmed Combat | 4 5 |  5.6
Dodging        | |  1.7
Spellcasting   | |  2.0
Transmutations | |  2.0

Action                   |  1- 3 |  4- 6 || total
-------------------------+-------+-------++-------
Melee: Unarmed           |   172 |   134 ||   306
       Tailslap          |    12 |    17 ||    29
       Punch             |     5 |     2 ||     7
       Kick              |     2 |       ||     2
       Headbutt          |     2 |       ||     2
 Cast: Beastly Appendage |     7 |     1 ||     8
       Spider Form       |       |     2 ||     2
  Use: Potion            |       |     1 ||     1
 Stab: Sleeping          |     2 |     1 ||     3
  Eat: Chunk             |     2 |       ||     2
       Ration            |     1 |     2 ||     3
Armor: Skin              |    40 |    27 ||    67
Dodge: Dodged            |    99 |    93 ||   192

Table legend:
 A = Spawn XP
 B = Non-spawn XP
 C = Spawn XP percentage of total XP
 D = Spawn monster count
 E = Non-spawn monster count
 F = Spawn count percentage of total count
 G = Total turns spent on level
                    A         B        C        D         E        F      G
               +---------+---------+-------+---------+---------+-------+---------
         Total |       0 |     345 |   0.0 |       0 |      63 |   0.0 |  3905
               +---------+---------+-------+---------+---------+-------+---------
           D:1 |       0 |      15 |   0.0 |       0 |       9 |   0.0 |   791
           D:2 |       0 |      40 |   0.0 |       0 |      23 |   0.0 |   972
           D:3 |       0 |     174 |   0.0 |       0 |      28 |   0.0 |  1553
           D:4 |       0 |     116 |   0.0 |       0 |       3 |   0.0 |   545
               +---------+---------+-------+---------+---------+-------+---------
